 Dungeon Crawl Stone Soup version 0.17-a0-1802-g9847487 (console) character file.

202889 Garrluk the Metallomancer (level 19, -8/148 HPs)
             Began as a Formicid Earth Elementalist on Sept 11, 2015.
             Was the Champion of Vehumet.
             Mangled by a tarantella (10 damage)
             ... on level 4 of the Spider Nest.
             The game lasted 03:35:48 (40560 turns).

Garrluk the Metallomancer (FoEE)                   Turns: 40560, Time: 03:35:49

Health: -8/148     AC:  9    Str: 19    XL:     19   Next: 30%
Magic:  29/38      EV:  6    Int: 22    God:    Vehumet [******]
Gold:   3896       SH:  0    Dex: 11    Spells: 10 memorised, 8 levels left

rFire  . . .     SeeInvis +     q - staff of energy
rCold  . . .     Clarity  .     x - +2 robe {Archmagi}
rNeg   . . .     SustAt   .     (no shield)
rPois  +         Gourm    .     (helmet unavailable)
rElec  .         Spirit   .     C - +1 cloak
rCorr  .         Warding  .     J - +0 pair of gloves {Str+3}
rMut   .         Stasis   +     g - +1 pair of boots
MR     ++...                    r - amulet of regeneration
Stlth  ++........               Q - ring of protection from magic
                                B - ring of poison resistance

@: lethally poisoned (-8 -> -19), very slightly contaminated, held, very
resistant to hostile enchantments, unstealthy
A: permanent stasis, dig shafts and tunnels, four strong arms, antennae 3,
strong 1
a: Dig, Shaft Self, Renounce Religion
}: 1/15 runes: decaying


You were on level 4 of the Spider Nest.
You worshipped Vehumet.
Vehumet was exalted by your worship.
You were hungry.

You visited 7 branches of the dungeon, and saw 37 of its levels.
You also visited: Labyrinth and Bailey.

You collected 4072 gold pieces.
You spent 176 gold pieces at shops.

Notes
Turn   | Place    | Note
--------------------------------------------------------------
     0 | D:1      | Garrluk the Formicid Earth Elementalist began the quest for the Orb.
     0 | D:1      | Reached XP level 1. HP: 13/13 MP: 3/3
   456 | D:2      | Reached skill level 4 in Earth Magic
   456 | D:2      | Reached XP level 2. HP: 19/19 MP: 0/5
   571 | D:2      | Reached XP level 3. HP: 17/24 MP: 1/7
   872 | D:2      | Learned a level 3 spell: Passwall
   875 | D:2      | Learned a level 2 spell: Stoneskin
   951 | D:2      | Reached XP level 4. HP: 22/30 MP: 8/8
  1039 | D:2      | Reached skill level 5 in Earth Magic
  1196 | D:3      | Noticed Sigmund
  1206 | D:3      | Killed Sigmund
  1206 | D:3      | Reached skill level 6 in Earth Magic
  1206 | D:3      | Reached XP level 5. HP: 18/35 MP: 2/10
  1206 | D:3      | Reached XP level 6. HP: 21/41 MP: 2/11
  1368 | D:3      | Noticed Ijyb
  1374 | D:3      | Killed Ijyb
  1374 | D:3      | Reached skill level 7 in Earth Magic
  1489 | D:3      | Learned a level 3 spell: Stone Arrow
  1667 | D:3      | Found a snail-covered altar of Cheibriados.
  1677 | D:3      | Reached XP level 7. HP: 46/46 MP: 5/13
  2199 | D:4      | Reached skill level 8 in Earth Magic
  2214 | D:4      | Found an opulent altar of Gozag.
  2343 | D:4      | Reached skill level 5 in Spellcasting
  2343 | D:4      | Reached XP level 8. HP: 37/52 MP: 8/15
  2702 | D:4      | Noticed LordVetinari's ghost (average DEFE)
  2707 | D:4      | Killed LordVetinari's ghost
  2892 | D:5      | Entered Level 5 of the Dungeon
  2995 | D:5      | Reached skill level 9 in Earth Magic
  3065 | D:5      | Found Vuafic's Assorted Antiques.
  3082 | D:5      | Noticed Edmund
  3091 | D:5      | Killed Edmund
  3302 | D:5      | Found a staircase to the Ecumenical Temple.
  3308 | Temple   | Entered the Ecumenical Temple
  3389 | Temple   | Became a worshipper of Vehumet
  3862 | D:6      | Learned a level 5 spell: Lee's Rapid Deconstruction
  3867 | D:6      | Learned a level 4 spell: Petrify
  3939 | D:6      | Reached skill level 1 in Fighting
  3939 | D:6      | Reached XP level 9. HP: 57/59 MP: 11/18
  4016 | D:6      | Reached skill level 10 in Earth Magic
  4148 | D:6      | You fall through a shaft!
  4219 | D:6      | Acquired Vehumet's first power
  4219 | D:6      | Offered knowledge of Shock by Vehumet.
  4279 | D:6      | Got a bronze ring mail
  4292 | D:6      | Identified the +5 ring mail of Focus {rC+ rN+++ MP-9 SInv} (You found it on level 6 of the Dungeon)
  4436 | D:6      | Reached skill level 5 in Transmutations
  5142 | D:7      | Found a shadowy altar of Dithmenos.
  5142 | D:7      | Found a burning altar of Makhleb.
  5142 | D:7      | Found a sacrificial altar of Ru.
  5154 | D:7      | Found a sparkling altar of Nemelex Xobeh.
  5158 | D:7      | Found an ancient bone altar of Kikubaaqudgha.
  5371 | D:8      | Reached skill level 11 in Earth Magic
  5410 | D:8      | Offered knowledge of Throw Flame by Vehumet.
  5464 | D:8      | You fall through a shaft for 3 floors!
  5527 | D:11     | Reached XP level 10. HP: 69/71 MP: 10/20
  5543 | D:11     | Noticed Maurice
  5553 | D:11     | Noticed a gargoyle
  5575 | D:11     | Killed Maurice
  5677 | D:11     | Found a staircase to the Orcish Mines.
  5692 | D:11     | You fall through a shaft for 2 floors!
  5759 | D:12     | Noticed Harold
  5771 | D:12     | Killed Harold
  5771 | D:12     | Reached skill level 12 in Earth Magic
  5786 | D:12     | Noticed a centaur warrior
  5802 | D:12     | Killed a centaur warrior
  5802 | D:12     | Reached skill level 5 in Fighting
  6067 | D:11     | Killed a gargoyle
  6067 | D:11     | Reached XP level 11. HP: 80/80 MP: 10/23
  6110 | D:10     | Entered Level 10 of the Dungeon
  6254 | D:10     | Found a flagged portal.
  6264 | Bailey   | Entered a bailey
  6444 | Bailey   | Reached skill level 13 in Earth Magic
  6457 | Bailey   | Offered knowledge of Throw Frost by Vehumet.
  6597 | Bailey   | Acquired Vehumet's second power
  6720 | Bailey   | Offered knowledge of Ignite Poison by Vehumet.
  6830 | Bailey   | Got a twitching steel ring
  6831 | Bailey   | Identified the ring of the Ban {rElec Dex+2} (You took it off a hobgoblin in a bailey)
  6861 | Bailey   | Noticed an orc knight
  6974 | Bailey   | Noticed an orc warlord
  7135 | Bailey   | Noticed an orc knight
  7181 | D:10     | You fall through a shaft for 2 floors!
  7331 | D:12     | Noticed a cyan ugly thing
  7368 | D:12     | Killed a cyan ugly thing
  7528 | D:8      | Acquired Vehumet's third power
  7748 | D:8      | Got an ancient long sword
  7753 | D:8      | Identified the cursed +1 long sword "Uqodoq" {elec, rF+} (You found it on level 8 of the Dungeon)
  7834 | D:8      | Offered knowledge of Fulminant Prism by Vehumet.
  8002 | D:8      | Noticed Gastronok
  8029 | D:8      | HP: 1/83 [Gastronok/the air (35)]
  8031 | D:8      | You fall through a shaft!
  8034 | D:9      | You fall through a shaft!
  8267 | D:9      | Found a staircase to the Lair.
  8357 | D:9      | Offered knowledge of Irradiate by Vehumet.
  8544 | D:8      | Found an iron altar of Okawaru.
  8647 | D:8      | You fall through a shaft!
  8885 | D:9      | Reached skill level 14 in Earth Magic
  9308 | D:10     | Noticed a hill giant
  9325 | D:10     | Killed a hill giant
  9326 | D:10     | Killed an orc knight
  9326 | D:10     | Reached XP level 12. HP: 91/91 MP: 10/25
  9719 | D:10     | Noticed Fannar
  9854 | D:10     | Killed Fannar
 10064 | Lair:1   | Entered Level 1 of the Lair of Beasts
 10308 | Lair:1   | Got a bloodstained robe
 10309 | Lair:1   | Identified the +1 robe of the Fiend {rC+ Dex+2} (You found it on level 1 of the Lair of Beasts)
 10767 | Lair:2   | Noticed an eight-headed hydra
 10772 | Lair:2   | Killed an eight-headed hydra
 10795 | Lair:2   | Reached skill level 15 in Earth Magic
 10919 | Lair:2   | Offered knowledge of Conjure Ball Lightning by Vehumet.
 11398 | Lair:3   | Noticed a death yak
 11398 | Lair:3   | Noticed a death yak
 11400 | Lair:3   | Noticed a death yak
 11402 | Lair:3   | Noticed a death yak
 11403 | Lair:3   | Killed a death yak
 11404 | Lair:3   | Noticed a death yak
 12022 | Lair:3   | Noticed a death yak
 12088 | Lair:3   | Reached skill level 10 in Spellcasting
 12275 | Lair:3   | Killed a death yak
 12673 | Lair:4   | Reached XP level 13. HP: 52/99 MP: 3/27
 13030 | Lair:4   | Reached skill level 10 in Transmutations
 13401 | Lair:4   | Reached skill level 16 in Earth Magic
 13409 | Lair:4   | Found a staircase to the Swamp.
 14017 | Lair:5   | Found a hole to the Spider Nest.
 14742 | Lair:6   | Noticed Nattefrost's ghost (powerful DrFi)
 15020 | D:11     | Found Qucoptia's General Store.
 15043 | D:11     | Noticed a cyclops
 15048 | D:11     | Killed a cyclops
 15262 | D:11     | Offered knowledge of Iron Shot by Vehumet.
 15272 | D:11     | Learned a level 6 spell: Iron Shot
 15969 | D:13     | Reached skill level 1 in Conjurations
 16178 | D:13     | Noticed Azrael
 16199 | D:13     | Killed Azrael
 16205 | D:13     | Noticed a rakshasa
 16301 | D:13     | Noticed a tengu warrior
 16301 | D:13     | Noticed a purple ugly thing
 16345 | D:13     | Killed a tengu warrior
 16357 | D:13     | Killed a purple ugly thing
 16417 | D:13     | Reached skill level 10 in Fighting
 16438 | D:13     | Killed a rakshasa
 16446 | D:13     | You fall through a shaft!
 16446 | D:14     | Noticed a vault guard
 16448 | D:14     | HP: 3/103 [vault guard/great sword (24)]
 16449 | D:14     | You fall through a shaft!
 16449 | D:15     | Entered Level 15 of the Dungeon
 16823 | D:15     | Reached skill level 17 in Earth Magic
 16915 | D:15     | Reached XP level 14. HP: 110/110 MP: 7/28
 17424 | D:14     | Noticed Sonja
 17792 | D:13     | Noticed a hill giant
 17796 | D:13     | Killed a hill giant
 18038 | D:14     | Noticed a vault guard
 18042 | D:14     | Noticed a vault guard
 18149 | Orc:1    | Entered Level 1 of the Orcish Mines
 18152 | Orc:1    | Noticed Nergalle
 18220 | Orc:1    | Killed Nergalle
 18341 | Orc:1    | Offered knowledge of Freezing Cloud by Vehumet.
 18869 | Orc:1    | Reached skill level 5 in Conjurations
 19076 | Orc:2    | Found a bloodstained altar of Trog.
 20028 | Orc:3    | Found a staircase to the Elven Halls.
 20038 | Orc:3    | Noticed max's ghost (powerful MiFi)
 20215 | Orc:3    | Offered knowledge of Poison Arrow by Vehumet.
 21010 | Lair:5   | HP: 5/111 [death yak (25)]
 21011 | Lair:5   | You fall through a shaft for 2 floors!
 21115 | Lair:7   | Noticed wullow's ghost (powerful DsCK)
 21122 | Lair:7   | You fall through a shaft!
 21122 | Lair:8   | Entered Level 8 of the Lair of Beasts
 21177 | Lair:8   | Found a labyrinth entrance.
 21180 | Lair:8   | Noticed Maud
 21285 | Lair:8   | Killed Maud
 21297 | Lab      | Entered a labyrinth
 21478 | Lab      | Got a crude hand axe
 21482 | Lab      | Identified the +6 hand axe of Compulsion {chop, *Confuse Str+7 Dex+8} (You took it off a minotaur in a labyrinth)
 21509 | Lab      | Identified Iskenderun's Reference Book on Attacks
 21745 | Lair:7   | Noticed Josephine
 22417 | Lair:8   | Reached skill level 18 in Earth Magic
 22853 | Lair:7   | Reached XP level 15. HP: 118/118 MP: 22/30
 23466 | Lair:7   | Killed Josephine
 23860 | Lair:7   | Killed wullow's ghost
 24787 | Lair:6   | Offered knowledge of Delayed Fireball by Vehumet.
 25159 | Lair:1   | Learned a level 9 spell: Shatter
 25488 | Lair:8   | Found a staircase to the Slime Pits.
 26032 | Lair:8   | Reached skill level 19 in Earth Magic
 26387 | Lair:8   | Got a distressingly furry shield
 26388 | Lair:8   | Identified the +6 shield of Buninkau {Stlth+} (You found it on level 8 of the Lair of Beasts)
 26993 | Lair:8   | Reached XP level 16. HP: 127/127 MP: 32/32
 27308 | Lair:8   | Offered knowledge of Poisonous Cloud by Vehumet.
 27822 | Lair:6   | Killed Nattefrost's ghost
 28122 | Orc:3    | Killed max's ghost
 28145 | Orc:4    | Entered Level 4 of the Orcish Mines
 28661 | Orc:4    | Found Bificeb's Distillery.
 28849 | Lair:1   | Learned a level 5 spell: Fireball
 29515 | Orc:4    | Found Unlag's Magic Scroll Emporium.
 29774 | Orc:4    | Gained mutation: Your magical capacity is low (-10% MP). [a neqoxec]
 29848 | Orc:4    | Offered knowledge of Lehudib's Crystal Spear by Vehumet.
 29848 | Orc:4    | Offered knowledge of Glaciate by Vehumet.
 29848 | Orc:4    | Offered knowledge of Chain Lightning by Vehumet.
 29867 | Orc:4    | Reached skill level 20 in Earth Magic
 30423 | Orc:4    | Found Caudd's Gadget Shop.
 30423 | Orc:4    | Found Qalosiwkil's Antique Armour Boutique.
 30427 | Orc:4    | Found a one-way gate leading to the halls of Pandemonium.
 30433 | Orc:4    | Bought a creamy pearl robe for 176 gold pieces
 30433 | Orc:4    | Identified the cursed +0 robe of Voluhe {rC+ Regen+ Str+4} (You bought it in a shop on level 4 of the Orcish Mines)
 30520 | Elf:1    | Entered Level 1 of the Elven Halls
 31104 | Elf:1    | Gained mutation: You can breathe flames. [potion of mutation]
 31104 | Elf:1    | Gained mutation: You are partially covered in large bone plates (AC +2, SH +2). [potion of mutation]
 31106 | Elf:1    | Got a bloodstained hand axe
 31111 | Elf:1    | Reached XP level 17. HP: 88/135 MP: 24/31
 31153 | Elf:1    | Reached skill level 21 in Earth Magic
 31338 | Elf:1    | Identified the +2 hand axe of Fragile Peace {chop, rC+ Str+3 Stlth+} (You took it off a deep elf high priest on level 1 of the Elven Halls)
 31833 | Elf:1    | Lost mutation: You can breathe flames. [potion of cure mutation]
 31833 | Elf:1    | Lost mutation: Your magical capacity is low (-10% MP). [potion of cure mutation]
 31833 | Elf:1    | Lost mutation: You are partially covered in large bone plates (AC +2, SH +2). [potion of cure mutation]
 32034 | Elf:1    | Learned a level 3 spell: Regeneration
 32314 | D:13     | Killed a rakshasa
 32328 | D:14     | Killed a vault guard
 32453 | D:14     | Killed Sonja
 32528 | D:14     | Killed a vault guard
 32534 | D:14     | Noticed a vault guard
 32541 | D:14     | Killed a vault guard
 32563 | D:14     | Noticed a vault guard
 32566 | D:14     | Killed a vault guard
 32568 | D:14     | Killed a vault guard
 32570 | D:14     | Found a gate to the Vaults.
 32751 | D:14     | Found a glowing golden altar of the Shining One.
 33285 | D:15     | Got a shimmering leather armour
 33291 | D:15     | Identified the +7 leather armour of the First Places {Int+5 Stlth-} (You found it on level 15 of the Dungeon)
 33293 | D:15     | Gained mutation: Your muscles are strong. (Str +2) [potion of beneficial mutation]
 33763 | D:15     | Noticed a fire dragon
 33764 | D:15     | Found a staircase to the Depths.
 33769 | D:15     | Killed a fire dragon
 34178 | Spider:1 | Entered Level 1 of the Spider Nest
 34256 | Spider:1 | Reached skill level 22 in Earth Magic
 35896 | Spider:2 | Reached XP level 18. HP: 142/142 MP: 5/36
 36259 | Spider:3 | Noticed Jorgrun
 36442 | Swamp:1  | Entered Level 1 of the Swamp
 36711 | Swamp:1  | HP: 7/142 [slime creature (15)]
 36713 | Swamp:1  | You fall through a shaft!
 36718 | Swamp:2  | You fall through a shaft!
 36882 | Swamp:3  | You fall through a shaft!
 36882 | Swamp:4  | Entered Level 4 of the Swamp
 36896 | Swamp:4  | Reached skill level 23 in Earth Magic
 37161 | Swamp:4  | Noticed max's ghost (mighty MiFi)
 37185 | Swamp:4  | Killed max's ghost
 37437 | Swamp:4  | Reached skill level 15 in Spellcasting
 37536 | Swamp:4  | Reached skill level 1 in Evocations
 38990 | Swamp:4  | Noticed the 27-headed Lernaean hydra
 38995 | Swamp:4  | Killed the 27-headed Lernaean hydra
 39162 | Swamp:4  | Got a decaying rune of Zot
 39304 | Swamp:4  | Reached XP level 19. HP: 148/148 MP: 32/38
 39630 | Swamp:2  | Reached skill level 24 in Earth Magic
 39632 | Swamp:2  | Reached skill level 5 in Evocations
 40072 | Spider:3 | Killed Jorgrun
 40523 | Spider:4 | Entered Level 4 of the Spider Nest
 40533 | Spider:4 | Noticed Arachne
 40552 | Spider:3 | You fall through a shaft!
 40560 | Spider:4 | HP: 2/148 [redback (8)]
 40560 | Spider:4 | Mangled by a tarantella

Inventory:

Hand weapons
 a - the +1 long sword "Uqodoq" {elec, rF+}
   (You found it on level 8 of the Dungeon)

   Occasionally, upon striking a foe, it will discharge some electrical energy
   and cause terrible harm.
   It protects you from fire.
Missiles
 b - 432 stones (quivered)
Armour
 g - a +1 pair of boots (worn)
   (You found it on level 3 of the Swamp)
 p - a +2 robe of magic resistance
   (You took it off an orc sorcerer on level 4 of the Orcish Mines)
 t - a +1 robe of positive energy
   (You took it off Jorgrun on level 3 of the Spider Nest)
 u - a +2 robe of cold resistance
   (You took it off Sigmund on level 3 of the Dungeon)
 x - a +2 robe of the Archmagi (worn)
   (You took it off an orc sorcerer on level 4 of the Orcish Mines)
 C - a +1 cloak (worn)
   (You found it on level 3 of the Dungeon)
 H - a +2 robe of fire resistance
   (You took it off an orc wizard on level 2 of the Orcish Mines)
 J - a +0 pair of gloves of strength (worn)
   (You found it on level 14 of the Dungeon)
Magical staves
 q - an uncursed staff of energy (weapon)
   (You found it on level 2 of the Spider Nest)
Jewellery
 h - the ring of the Ban {rElec Dex+2}
   (You took it off a hobgoblin in a bailey)

   [ring of dexterity]

   It affects your dexterity (+2).
   It insulates you from electricity.
 k - an uncursed ring of wizardry
   (You took it off a minotaur in a labyrinth)
 r - an amulet of regeneration (around neck)
   (You found it on level 2 of the Dungeon)
 B - a ring of poison resistance (left hand)
   (You took it off a goblin on level 3 of the Dungeon)
 F - an uncursed ring of protection from fire
   (You found it on level 3 of the Lair of Beasts)
 N - an uncursed ring of positive energy
   (You found it on level 9 of the Dungeon)
 Q - a ring of protection from magic (right hand)
   (You found it on level 8 of the Lair of Beasts)
 U - an uncursed amulet of resist corrosion
   (You found it on level 1 of the Elven Halls)
Magical devices
 c - a wand of invisibility (2)
   (You found it on level 12 of the Dungeon)
 D - a wand of digging (17)
   (You found it on level 3 of the Lair of Beasts)
 O - a wand of heal wounds (2)
   (You took it off Maurice on level 11 of the Dungeon)
 S - a wand of disintegration (9)
   (You found it on level 12 of the Dungeon)
Scrolls
 i - 5 scrolls of magic mapping
 l - 3 scrolls of fog
 n - 9 scrolls of remove curse
 w - 2 scrolls of silence
 y - 12 scrolls of identify
 M - 2 scrolls of fear
 R - a scroll of summoning
 T - 5 scrolls of recharging
Potions
 e - 2 potions of brilliance
 j - 7 potions of lignification
 m - a potion of agility
 o - 4 potions of flight
 s - 8 potions of curing
 E - a potion of resistance
 W - a potion of cancellation
Miscellaneous
 A - a fan of gales
   (You found it on level 14 of the Dungeon)
 P - a stone of tremors
   (You found it in a labyrinth)
Comestibles
 d - 9 bread rations
 v - a meat ration
 V - 15 fruits

Table legend:
 A = Turns spent in this place as a percentage of turns spent in the entire game.
 B = Non-inter-level travel turns spent in this place as a percentage of non-inter-level travel turns spent in the entire game.
 C = Inter-level travel turns spent in this place as a percentage of turns spent in this place.
 D = Turns resting spent in this place as a percentage of non-inter-level travel turns spent in this place.
 E = Turns spent auto-exploring this place as a percentage of non-inter-level travel turns spent in this place.
 F = Non-inter-level travel turns spent in this place divided by the number of levels of this place that you've seen.
                   A       B       C       D       E      F
               +-------+-------+-------+-------+-------+----------------------
         Total | 100.0 | 100.0 |   0.7 |   2.7 |   5.4 | 416.2
       Dungeon |  34.0 |  34.0 |   0.5 |   1.8 |   6.2 | 368.2
        Temple |   0.1 |   0.0 |  30.0 |   0.0 |  71.4 |   7.0
          Lair |  23.9 |  23.9 |   1.0 |   4.9 |   4.6 | 484.0
         Swamp |  11.2 |  11.2 |   0.5 |   1.5 |   4.8 | 454.2
   Spider Nest |   8.2 |   8.2 |   0.6 |   1.0 |   5.0 | 334.5
  Orcish Mines |  13.3 |  13.2 |   1.1 |   2.9 |   6.5 | 535.8
   Elven Halls |   3.8 |   3.8 |   0.2 |   4.6 |   7.8 | 615.0
     Labyrinth |   1.3 |   1.3 |   0.0 |   0.0 |   0.0 | 216.0
        Bailey |   4.3 |   4.3 |   0.0 |   3.0 |   0.6 | 701.0
               +-------+-------+-------+-------+-------+----------------------


   Skills:
 - Level 12.7 Fighting
 - Level 1.7 Dodging
 - Level 2.4 Stealth
 + Level 15.7 Spellcasting
 - Level 8.5 Conjurations
 - Level 10.5 Transmutations
 * Level 24.2 Earth Magic
 + Level 5.7 Evocations


You had 8 spell levels left.
You knew the following spells:

 Your Spells              Type           Power        Failure   Level  Hunger
a - Sandblast             Erth           ######       0%          1    None
b - Passwall              Trmt/Erth      #######...   0%          3    None
c - Stoneskin             Trmt/Erth      #######.     0%          2    None
d - Lee's Rapid Deconstr  Erth           ########..   0%          5    None
e - Petrify               Trmt/Erth      #######.     1%          4    None
f - Iron Shot             Conj/Erth      #######...   1%          6    None
g - Regeneration          Chrm/Necr      ####......   12%         3    None
A - Stone Arrow           Conj/Erth      ######       0%          3    None
B - Shatter               Erth           ########..   5%          9    None
D - Fireball              Conj/Fire      ######....   4%          5    None


Dungeon Overview and Level Annotations

Branches:
Dungeon (15/15)            Temple (1/1) D:5            Lair (8/8) D:9
  Swamp (4/4) Lair:4       Spider (4/4) Lair:5        Slime (0/6) Lair:8
    Orc (4/4) D:11            Elf (1/3) Orc:3        Vaults (0/5) D:14
 Depths (0/5) D:15

Altars:
Ashenzari
Cheibriados
Dithmenos
Elyvilon
Fedhas
Gozag
Kikubaaqudgha
Makhleb
Nemelex Xobeh
Okawaru
Qazlal
Ru
Sif Muna
Trog
Vehumet
Xom
Yredelemnul
Zin
The Shining One

Shops:
D:5 *   D:11 *   Orc:4 ![?}

Portals:
Pandemonium: Orc:4

Annotations:
D:8 Gastronok
Spider:3 Arachne


Innate Abilities, Weirdness & Mutations

You are under a permanent stasis effect.
You can dig through walls and to a lower floor.
Your four strong arms can wield two-handed weapons with a shield.
You have a pair of large antennae on your head (SInv).
Your muscles are strong. (Str +2)


Message History

The tarantella bites you but does no damage.
The hornet stings you!
* * * LOW HITPOINT WARNING * * *
Your stasis keeps you stable.
The moth of wrath bites you!
* * * LOW HITPOINT WARNING * * *
Evoke which item? (* to show all) (? for menu, Esc to quit)
Zapping:
O - a wand of heal wounds (3)
Press: ? - help, Shift-Dir - straight line, f - you You feel much better.
This wand has 2 charges left.
The orb spider hisses angrily.
You feel very sick. The redback bites you.
* * * LOW HITPOINT WARNING * * *
The tarantella completely misses you. The hornet stings you!
* * * LOW HITPOINT WARNING * * *
The moth of wrath bites you but does no damage.
The redback bites you!
* * * LOW HITPOINT WARNING * * *
The tarantella bites you!
You die...

#................
#................
#.#^....^<.#.......
#^....^#..#.#.....
#...####..... .$..
##..###....##.....
#...##..^..##.....
#..^^..#....# ....
...........##..^..
...#.....syy#.#....
....#?..ยง.ss@.......
.....s..#.ss(.......
.....(.....y..s..
.........s.......
.................
.................
.............[..
................


You could see a moth of wrath, 2 hornets, 2 orb spiders, a jumping spider, a
tarantella and 4 redbacks.

Table legend:
 A = Kills in this place as a percentage of kills in entire the game.
 B = Kills by you in this place as a percentage of kills by you in the entire game.
 C = Kills by friends in this place as a percentage of kills by friends in the entire game.
 D = Other kills in this place as a percentage of other kills in the entire game.
 E = Experience gained in this place as a percentage of experience gained in the entire game.
 F = Experience gained in this place divided by the number of levels of this place that you have seen.
                   A       B       C       D       E      F
               +-------+-------+-------+-------+-------+----------------------
         Total | 100.0 | 100.0 | 100.0 | 100.0 | 100.0 | 7364.7
       Dungeon |  29.6 |  29.4 | 100.0 | 100.0 |  18.1 | 3472.5
          Lair |  22.7 |  22.8 |   0.0 |   0.0 |  25.8 | 9279.8
         Swamp |  10.8 |  10.8 |   0.0 |   0.0 |  22.6 | 16242.8
   Spider Nest |   7.1 |   7.1 |   0.0 |   0.0 |  13.3 | 9560.5
  Orcish Mines |  20.1 |  20.1 |   0.0 |   0.0 |   8.8 | 6349.2
   Elven Halls |   5.2 |   5.2 |   0.0 |   0.0 |  10.2 | 29343.0
     Labyrinth |   0.1 |   0.1 |   0.0 |   0.0 |   0.4 | 1078.0
        Bailey |   4.5 |   4.5 |   0.0 |   0.0 |   0.7 | 1867.0
               +-------+-------+-------+-------+-------+----------------------

Vanquished Creatures
  Monster Symbol All ' '
  The ghost of max the Warrior, a mighty MiFi of Trog (Swamp:4)
  The ghost of Nattefrost the Spear-Bearer, a powerful DrFi of Fedhas (Lair:6)
  The ghost of wullow the Basher, a powerful DsCK of Xom (Lair:7)
  The ghost of max the Protected, a powerful MiFi of the Shining One (Orc:3)
  The ghost of LordVetinari the Firebug, an average DEFE (D:4)
5 creatures vanquished. All '3' A sun demon (Orc:4) A neqoxec (Orc:4)
2 creatures vanquished. All '4' A rust devil (Orc:4) An orange demon (Orc:4) A red devil (Orc:4) A blue devil (Orc:4)
4 creatures vanquished. All '5' 8 crimson imps A quasit (D:9) 4 shadow imps
13 creatures vanquished. All '6' An infernal demonspawn (Orc:4)
1 creature vanquished. All '9' 2 molten gargoyles (Lair:6) 2 gargoyles
4 creatures vanquished. All ';' 3 electric eels
3 creatures vanquished. All '@' Maud (Lair:8) Josephine (Lair:7) Harold (D:12) Maurice (D:11) Sigmund (D:3) Edmund (D:5)
6 creatures vanquished. All 'B' 2 boulder beetles
2 creatures vanquished. All 'C' 6 hill giants 2 cyclopes
8 creatures vanquished. All 'D' the Lernaean hydra (Swamp:4) 2 fire dragons 19 hydras An ice dragon (D:15) 12 swamp dragons A mottled dragon (D:10) 3 steam dragons (Lair:8)
39 creatures vanquished. All 'E' 4 fire elementals (D:13)
4 creatures vanquished. All 'F' 15 spiny frogs 28 blink frogs 21 giant frogs
64 creatures vanquished. All 'H' A minotaur (Lab) 10 hippogriffs
11 creatures vanquished. All 'J' 21 slime creatures 2 jellies
23 creatures vanquished. All 'K' Sonja (D:14) 7 kobolds
8 creatures vanquished. All 'O' 4 two-headed ogres 12 ogres
16 creatures vanquished. All 'P' 4 bushes (Lair:3) 36 fungi 43 plants
83 creatures vanquished. All 'Q' 2 tengu warriors 2 tengu conjurers
4 creatures vanquished. All 'R' Azrael (D:13) A rakshasa (D:13) An efreet (D:14)
3 creatures vanquished. All 'S' 3 black mambas 13 water moccasins 5 lava snakes (Lair:6) 19 adders 2 ball pythons
42 creatures vanquished. All 'T' 3 trolls
3 creatures vanquished. All 'V' 2 vampires (D:15)
2 creatures vanquished. All 'W' 5 wraiths 5 shadows 2 hungry ghosts 3 phantoms
15 creatures vanquished. All 'X' 3 large abominations (Elf:1)
3 creatures vanquished. All 'Y' A catoblepas (Lair:6) 17 death yaks 35 yaks A sky beast (D:10) An ice beast (D:9) 11 sheep
66 creatures vanquished. All 'Z' 5 centaur zombies A water moccasin zombie (D:7) A wyvern skeleton (D:8) A wasp zombie (D:6) 4 centaur skeletons A giant frog zombie (D:11) A giant frog skeleton (D:6) 3 hound skeletons An adder zombie (D:7) An adder skeleton (D:4) A quokka skeleton (D:6)
20 creatures vanquished. All 'a' 10 worker ants
10 creatures vanquished. All 'b' 20 bats
20 creatures vanquished. All 'c' 2 centaur warriors 2 yaktaurs 9 centaurs
13 creatures vanquished. All 'e' A deep elf annihilator (Elf:1) 3 deep elf high priests (Elf:1) Fannar (D:10) 8 deep elf knights (Elf:1) 3 deep elf summoners (Elf:1) 7 deep elf conjurers (Elf:1) 5 deep elf priests (Elf:1) 20 deep elf fighters 15 deep elf magi
63 creatures vanquished. All 'f' A thorn hunter (Swamp:4) A shambling mangrove (Swamp:4)
2 creatures vanquished. All 'g' Jorgrun (Spider:3) 5 boggarts (D:14) Ijyb (D:3) 13 gnolls 22 goblins 24 hobgoblins
66 creatures vanquished. All 'h' 11 polar bears 4 raiju (Lair:8) 13 wargs 15 wolves 4 hell hounds 16 black bears 19 hounds 12 jackals
94 creatures vanquished. All 'i' 7 spriggans 2 spriggan druids (Swamp:4)
9 creatures vanquished. All 'k' 2 fire drakes (Lair:6) 18 swamp drakes
20 creatures vanquished. All 'l' 12 komodo dragons 4 wyverns 3 basilisks (Lair:8) 8 iguanas 4 giant geckos 5 giant newts
36 creatures vanquished. All 'n' 4 bog bodies 2 necrophages
6 creatures vanquished. All 'o' 6 orc high priests (Orc:4) Nergalle (Orc:1) 8 orc knights 9 orc sorcerers 49 orc warriors 40 orc priests 34 orc wizards 222 orcs
369 creatures vanquished. All 'p' 5 vault guards (D:14) 2 entropy weavers (Spider:2) A human (D:14)
8 creatures vanquished. All 'r' 13 porcupines 26 river rats 5 quokkas 24 rats
68 creatures vanquished. All 's' An emperor scorpion (Spider:2) 6 orb spiders 9 wolf spiders 6 demonic crawlers 7 jumping spiders 10 tarantellas 14 trapdoor spiders 17 redbacks 13 spiders 3 scorpions 4 giant cockroaches
90 creatures vanquished. All 't' 6 alligators 20 crocodiles
26 creatures vanquished. All 'u' A very ugly thing (Swamp:4) 5 ugly things
6 creatures vanquished. All 'v' 13 insubstantial wisps
13 creatures vanquished. All 'w' 2 torpor snails A giant leech (Swamp:2) 19 swamp worms 4 worms
26 creatures vanquished. All 'x' A crawling corpse (Elf:1)
1 creature vanquished. All 'y' 3 ghost moths 5 hornets 19 vampire mosquitoes 7 wasps 10 killer bees (D:8)
44 creatures vanquished. All 'z' 9 wights
9 creatures vanquished.
1453 creatures vanquished. Monster Nature Uniques the Lernaean hydra (Swamp:4) Jorgrun (Spider:3) Maud (Lair:8) Azrael (D:13) Josephine (Lair:7) Fannar (D:10) Harold (D:12) Sonja (D:14) Nergalle (Orc:1) Maurice (D:11) Sigmund (D:3) Edmund (D:5) Ijyb (D:3)
13 creatures vanquished. Natural Monsters The ghost of max the Warrior, a mighty MiFi of Trog (Swamp:4) 3 ghost moths An emperor scorpion (Spider:2) A very ugly thing (Swamp:4) The ghost of Nattefrost the Spear-Bearer, a powerful DrFi of Fedhas (Lair:6) A deep elf annihilator (Elf:1) The ghost of wullow the Basher, a powerful DsCK of Xom (Lair:7) 5 vault guards (D:14) A minotaur (Lab) 3 deep elf high priests (Elf:1) The ghost of max the Protected, a powerful MiFi of the Shining One (Orc:3) 2 fire dragons 2 entropy weavers (Spider:2) 19 hydras An ice dragon (D:15) 2 centaur warriors A catoblepas (Lair:6) 17 death yaks 6 alligators 2 tengu warriors 6 orc high priests (Orc:4) 7 spriggans 8 deep elf knights (Elf:1) 2 spriggan druids (Swamp:4) 12 swamp dragons An infernal demonspawn (Orc:4) 3 deep elf summoners (Elf:1) 7 deep elf conjurers (Elf:1) 8 orc knights 6 hill giants 6 orb spiders 9 wolf spiders 5 hornets 5 ugly things 9 orc sorcerers 2 cyclopes 15 spiny frogs 3 black mambas 2 torpor snails 12 komodo dragons 5 deep elf priests (Elf:1) 2 yaktaurs 2 tengu conjurers 11 polar bears 2 fire drakes (Lair:6) 7 jumping spiders A giant leech (Swamp:2) 3 trolls 4 raiju (Lair:8) 4 two-headed ogres 2 boulder beetles 21 slime creatures 28 blink frogs 10 tarantellas 14 trapdoor spiders 17 redbacks 35 yaks 20 deep elf fighters A human (D:14) 15 deep elf magi 4 wyverns 3 basilisks (Lair:8) 10 hippogriffs 13 wargs A mottled dragon (D:10) 3 steam dragons (Lair:8) 15 wolves 19 swamp worms The ghost of LordVetinari the Firebug, an average DEFE (D:4) 18 swamp drakes A sky beast (D:10) 13 spiders 7 wasps 13 porcupines 16 black bears 49 orc warriors 13 water moccasins 5 boggarts (D:14) An ice beast (D:9) 12 ogres 9 centaurs 20 crocodiles 21 giant frogs 3 scorpions 10 killer bees (D:8) 3 electric eels 19 hounds 5 lava snakes (Lair:6) 2 jellies 40 orc priests 34 orc wizards 8 iguanas 10 worker ants 11 sheep 13 gnolls 26 river rats 19 adders 4 worms 4 giant geckos 222 orcs 2 ball pythons 20 bats 22 goblins 24 hobgoblins 12 jackals 5 quokkas 4 giant cockroaches 5 giant newts 7 kobolds 24 rats
1228 creatures vanquished. Non-Living Monsters 2 molten gargoyles (Lair:6) 2 gargoyles 4 fire elementals (D:13) 13 insubstantial wisps
21 creatures vanquished. Undead Monsters 3 large abominations (Elf:1) 5 centaur zombies 4 bog bodies 5 wraiths 5 shadows 2 vampires (D:15) 19 vampire mosquitoes 2 hungry ghosts 2 necrophages 3 phantoms A water moccasin zombie (D:7) A wyvern skeleton (D:8) 9 wights A wasp zombie (D:6) 4 centaur skeletons A giant frog zombie (D:11) A giant frog skeleton (D:6) 3 hound skeletons An adder zombie (D:7) An adder skeleton (D:4) A quokka skeleton (D:6) A crawling corpse (Elf:1)
75 creatures vanquished. Demonic Monsters A rakshasa (D:13) A sun demon (Orc:4) A rust devil (Orc:4) An orange demon (Orc:4) An efreet (D:14) A red devil (Orc:4) A blue devil (Orc:4) 6 demonic crawlers A neqoxec (Orc:4) 4 hell hounds 8 crimson imps A quasit (D:9) 4 shadow imps
31 creatures vanquished. Plants A thorn hunter (Swamp:4) A shambling mangrove (Swamp:4) 4 bushes (Lair:3) 36 fungi 43 plants
85 creatures vanquished.
1453 creatures vanquished. Ascending Order the Lernaean hydra (Swamp:4) Jorgrun (Spider:3) The ghost of max the Warrior, a mighty MiFi of Trog (Swamp:4) A thorn hunter (Swamp:4) Maud (Lair:8) An emperor scorpion (Spider:2) A very ugly thing (Swamp:4) The ghost of Nattefrost the Spear-Bearer, a powerful DrFi of Fedhas (Lair:6) A deep elf annihilator (Elf:1) Azrael (D:13) The ghost of wullow the Basher, a powerful DsCK of Xom (Lair:7) A minotaur (Lab) Josephine (Lair:7) The ghost of max the Protected, a powerful MiFi of the Shining One (Orc:3) Fannar (D:10) Harold (D:12) An ice dragon (D:15) A rakshasa (D:13) A catoblepas (Lair:6) Sonja (D:14) Nergalle (Orc:1) A sun demon (Orc:4) An infernal demonspawn (Orc:4) A shambling mangrove (Swamp:4) Maurice (D:11) A rust devil (Orc:4) An orange demon (Orc:4) An efreet (D:14) A red devil (Orc:4) A blue devil (Orc:4) A giant leech (Swamp:2) Sigmund (D:3) A human (D:14) A neqoxec (Orc:4) A mottled dragon (D:10) Edmund (D:5) The ghost of LordVetinari the Firebug, an average DEFE (D:4) A sky beast (D:10) An ice beast (D:9) A water moccasin zombie (D:7) A wyvern skeleton (D:8) A wasp zombie (D:6) A giant frog zombie (D:11) A giant frog skeleton (D:6) Ijyb (D:3) A quasit (D:9) An adder zombie (D:7) An adder skeleton (D:4) A quokka skeleton (D:6) A crawling corpse (Elf:1) 2 fire dragons 2 entropy weavers (Spider:2) 2 centaur warriors 2 tengu warriors 2 spriggan druids (Swamp:4) 2 cyclopes 2 molten gargoyles (Lair:6) 2 torpor snails 2 gargoyles 2 yaktaurs 2 tengu conjurers 2 fire drakes (Lair:6) 2 boulder beetles 2 vampires (D:15) 2 hungry ghosts 2 necrophages 2 jellies 2 ball pythons 3 ghost moths 3 large abominations (Elf:1) 3 deep elf high priests (Elf:1) 3 deep elf summoners (Elf:1) 3 black mambas 3 trolls 3 basilisks (Lair:8) 3 steam dragons (Lair:8) 3 phantoms 3 scorpions 3 electric eels 3 hound skeletons 4 raiju (Lair:8) 4 two-headed ogres 4 bog bodies 4 fire elementals (D:13) 4 wyverns 4 hell hounds 4 centaur skeletons 4 shadow imps 4 worms 4 giant geckos 4 giant cockroaches 4 bushes (Lair:3) 5 vault guards (D:14) 5 hornets 5 ugly things 5 centaur zombies 5 deep elf priests (Elf:1) 5 wraiths 5 shadows 5 boggarts (D:14) 5 lava snakes (Lair:6) 5 quokkas 5 giant newts 6 alligators 6 orc high priests (Orc:4) 6 hill giants 6 orb spiders 6 demonic crawlers 7 spriggans 7 deep elf conjurers (Elf:1) 7 jumping spiders 7 wasps 7 kobolds 8 deep elf knights (Elf:1) 8 orc knights 8 crimson imps 8 iguanas 9 wolf spiders 9 orc sorcerers 9 centaurs 9 wights 10 tarantellas 10 hippogriffs 10 killer bees (D:8) 10 worker ants 11 polar bears 11 sheep 12 swamp dragons 12 komodo dragons 12 ogres 12 jackals 13 wargs 13 insubstantial wisps 13 spiders 13 porcupines 13 water moccasins 13 gnolls 14 trapdoor spiders 15 spiny frogs 15 deep elf magi 15 wolves 16 black bears 17 death yaks 17 redbacks 18 swamp drakes 19 hydras 19 vampire mosquitoes 19 swamp worms 19 hounds 19 adders 20 deep elf fighters 20 crocodiles 20 bats 21 slime creatures 21 giant frogs 22 goblins 24 hobgoblins 24 rats 26 river rats 28 blink frogs 34 orc wizards 35 yaks 36 fungi 40 orc priests 43 plants 49 orc warriors 222 orcs
1453 creatures vanquished. The 3-digit Club 222 orcs
222 creatures vanquished.

Action                   |  1- 3 |  4- 6 |  7- 9 | 10-12 | 13-15 | 16-18 | 19-21 || total
-------------------------+-------+-------+-------+-------+-------+-------+-------++-------
Melee: Unarmed           |     8 |       |       |       |       |       |       ||     8
       Dagger            |    10 |     1 |    16 |   145 |       |       |       ||   172
       Club              |     2 |       |       |       |       |       |       ||     2
       Whip              |       |    25 |    69 |       |       |       |       ||    94
       Long sword        |       |       |       |   239 |   453 |       |       ||   692
       Staff             |       |       |       |       |    14 |    39 |     1 ||    54
Throw: Stone             |       |       |       |       |     4 |     2 |       ||     6
 Cast: Sandblast         |    35 |    51 |   164 |   107 |    70 |    48 |       ||   475
       Stone Arrow       |       |       |    16 |   269 |   456 |   152 |     1 ||   894
       Petrify           |       |       |     2 |    18 |     9 |       |       ||    29
       Lee's Rapid Decon |       |       |     2 |    19 |    35 |    67 |       ||   123
       Iron Shot         |       |       |       |       |   201 |   481 |    52 ||   734
       Stoneskin         |       |       |       |       |     3 |       |     1 ||     4
       Fireball          |       |       |       |       |       |     3 |       ||     3
       Shatter           |       |       |       |       |       |    13 |     8 ||    21
       Regeneration      |       |       |       |       |       |    23 |     3 ||    26
 Abil: Dig               |     3 |     3 |    14 |    16 |    33 |    17 |       ||    86
       Shaft Self        |       |       |     2 |     5 |     4 |     3 |     1 ||    15
Evoke: Wand              |       |       |       |     4 |     3 |     7 |     3 ||    17
       Fan of gales      |       |       |       |       |     1 |       |       ||     1
       Staff of energy   |       |       |       |       |       |   358 |    53 ||   411
  Use: Potion            |     2 |       |     3 |     7 |     1 |    12 |     3 ||    28
       Scroll            |       |       |     1 |    16 |    12 |    13 |     2 ||    44
 Stab: Sleeping          |       |     1 |     4 |     2 |     2 |       |       ||     9
       Petrifying        |       |       |     1 |     1 |       |       |       ||     2
       Petrified         |       |       |       |     5 |       |       |       ||     5
       Distracted        |       |       |       |       |     1 |       |       ||     1
  Eat: Chunk             |     1 |     3 |    15 |    37 |    98 |    80 |     7 ||   241
       Royal jelly       |       |       |       |     1 |       |       |       ||     1
       Fruit             |       |       |       |     1 |     1 |     4 |       ||     6
       Meat ration       |       |       |       |       |     3 |     2 |       ||     5
       Bread ration      |       |       |       |       |     5 |    10 |       ||    15
       Beef jerky        |       |       |       |       |     3 |     1 |       ||     4
       Pizza             |       |       |       |       |       |     2 |       ||     2
